 Dungeon Crawl Stone Soup version 0.29.1-12-g30fa7ad0bf (webtiles) character file.

Game seed: 7643525599435981998

1733 112233 the Summoner (level 8, -4/39 HPs)
             Began as a Felid Summoner on Dec 17, 2022.
             Was an Initiate of Gozag.
             Killed from afar by an electric eel (9 damage)
             ... with a bolt of electricity
             ... on level 7 of the Dungeon.
             The game lasted 00:17:37 (11646 turns).

112233 the Summoner (Felid Summoner)               Turns: 11646, Time: 00:17:38

Health: -4/39      AC:  2    Str:  4    XL:     8   Next: 76%
Magic:  12/18      EV: 24    Int: 20    God:    Gozag
Gold:   460        SH:  0    Dex: 23    Spells: 4/19 levels left
                                        Lives:  0   Deaths: 2

rFire   . . .      SeeInvis +   (weapon unavailable)
rCold   + . .      Faith    .   (shield unavailable)
rNeg    . . .      Spirit   .   (body armour unavailable)
rPois   .          Reflect  .   (helmet unavailable)
rElec   .          Harm     .   (cloak unavailable)
rCorr   .          Rampage  .   (gloves unavailable)
Will    +....                   (boots unavailable)
Stlth   ++........              (no amulet)
HPRegen 0.13/turn               m - +6 ring of dexterity
MPRegen 0.16/turn               s - ring of protection from cold

@: very slightly contaminated, unable to drink, very slow
A: very small, claws 1, fangs 3, see invisible, speed 1, shaggy fur 2, stealthy
paws, no weapons or thrown items, no armour, multi-lived, inability to drink
after injury 1
a: Renounce Religion, Potion Petition, Call Merchant, Bribe Branch


You were on level 7 of the Dungeon.
You worshipped Gozag.
Gozag was aware of your devotion.
You visited 1 branch of the dungeon, and saw 8 of its levels.

You collected 501 gold pieces.
You paid 41 gold pieces to Gozag.

Inventory:

Jewellery
 m - a +6 ring of dexterity (left paw)
 o - a +6 ring of strength
 s - a ring of protection from cold (right paw)
 v - a ring of magical power
Wands
 u - a wand of roots (13)
 w - a wand of flame (13)
Scrolls
 c - a scroll of enchant weapon {unknown}
 d - 2 scrolls of teleportation
 e - 10 scrolls of identify
 g - 2 scrolls of poison {unknown}
 i - a scroll of noise {unknown}
 j - a scroll of immolation {unknown}
 k - a scroll of fog {unknown}
 p - a scroll of fear {unknown}
 q - 2 scrolls of magic mapping
 r - a scroll of torment {unknown}
 t - a scroll of vulnerability {unknown}
Potions
 a - 3 potions of magic
 b - 2 potions of degeneration
 f - a potion of ambrosia
 h - 2 potions of curing
 l - a potion of haste
 n - a potion of flight


   Skills:
 + Level 6.4 Fighting
 + Level 7.8 Dodging
 - Level 3.0 Stealth
 + Level 6.1 Spellcasting
 * Level 10.3 Summonings


You had 4 spell levels left.
You knew the following spells:

 Your Spells              Type           Power      Damage    Failure   Level
a - Summon Small Mammal   Summ           100%       N/A       1%          1
b - Call Imp              Summ           47%        N/A       1%          2
c - Call Canine Familiar  Summ           47%        N/A       1%          3
d - Summon Guardian Gole  Hex/Summ       26%        N/A       3%          3
e - Blink                 Tloc           12%        N/A       16%         2
f - Summon Lightning Spi  Summ/Air       26%        N/A       12%         4

Your spell library contained the following spells:

 Spells                   Type           Power      Damage    Failure   Level
 Lesser Beckoning         Tloc           6%         N/A       30%         3
 Manifold Assault         Tloc           6%         N/A       96%         5


Dungeon Overview and Level Annotations

Branches:
Dungeon (8/15)             Temple (0/1) D:7
   Lair: D:8-11

Altars:
Elyvilon
Gozag
Yredelemnul

Shops:
D:2 [

Annotations:
D:5 3 runed translucent doors, grerr's ghost, amateur FoFi
D:6 1 runed translucent door, kalagan's ghost, novice DECj


Innate Abilities, Weirdness & Mutations

You have sharp claws.
You have razor-sharp teeth.
You have supernaturally acute eyesight. (SInv)
You cover ground quickly. (Speed+)
You are covered in thick fur. (AC +2)
Your paws help you pounce on unaware monsters.
You are incapable of wielding weapons or throwing items.
You cannot wear armour.
You gain extra lives every three experience levels.
You occasionally lose the ability to drink potions when taking damage.


Message History

Moving in this stuff is going to be slow.
An electric eel is nearby!
Casting: Call Imp (safe; 1% risk of failure)
Confirm with . or Enter, or press ? or * to list all spells.
A beastly little devil appears in a puff of flame.
Unknown command.
Casting: Call Imp (safe; 1% risk of failure)
Confirm with . or Enter, or press ? or * to list all spells.
Unknown command.
An electric eel comes into view.
The electric eel shoots out a bolt of lightning at you!
The bolt of electricity misses you.
The electric eel shoots out a bolt of lightning at you!
The bolt of electricity misses you.
The bolt of electricity hits your crimson imp!
The electric eel shoots out a bolt of lightning at you!
The bolt of electricity hits the plant!
The plant begins to die.
The bolt of electricity hits you!
The electric eel shoots out a bolt of lightning at you!
The bolt of electricity hits you!
You feel threatened and lose the ability to drink potions!
The electric eel shoots out a bolt of lightning at you!
The bolt of electricity hits the plant!
The bolt of electricity misses you.
The bolt of electricity hits your crimson imp!
Your crimson imp dies!
Your crimson imp disappears in a puff of smoke!
The electric eel shoots out a bolt of lightning at you!
The bolt of electricity misses you.
Casting: Call Canine Familiar (safe; 1% risk of failure)
Confirm with . or Enter, or press ? or * to list all spells.
You miscast Blink.
You are very lightly contaminated with residual magic.
Nothing appears to happen.
Your wolf splashes around in the water.
The electric eel shoots out a bolt of lightning at you!
The bolt of electricity hits you!
* * * LOW HITPOINT WARNING * * *
The electric eel shoots out a bolt of lightning at you!
The bolt of electricity hits the plant!
The bolt of electricity hits you!
You die...
Your body crumbles into a pile of gold.

## ##.# ##............** *,.## #
#..# ##............*****,**
#####..#####.............,,*,,,**
.......##.................,,,,,**
.####......#......♣♣♣~~P♣~~,,,,,*
.####..#.###..~~P♣~♣~♣♣♣~*~~***,,
.....(##..##♣~♣~~♣~~~~~~~*~***~*~
.......##..♣~♣~~~h~S≈~≈≈~~~~~~~~*
######.....♣~~~~@P♣≈~≈~~~~~~~~~~~
## #....~~~~~~♣S~≈≈≈≈≈~~~~~*~~~
.# ##..~♣~P♣~P~~≈≈≈≈≈≈~~~~~~~~~
.## ##.P♣~~~~~~≈≈≈≈≈≈≈~~~~~~~~~
#.# ###..P~~~~~♣P≈≈≈≈≈≈≈~~~~~~~~~
#.###.....♣♣~~~~~P~≈≈≈≈≈~~~~~~~~*
#......#.##♣♣PPP♣~~≈~≈≈≈~~~~~~*~~
#........# *PP♣P~♣~~♣≈≈≈~~~~~~~~*
...##....# ******~~~~~~*~~~~~**~~


You could see 2 electric eels and a friendly wolf (summoned).

Vanquished Creatures
  A sky beast (D:7)
  A phantom (D:6)
  An adder (D:4)
  An orc (D:4)
  A giant cockroach (D:1)
  2 quokkas (D:1)
  2 ball pythons
  2 bats (D:1)
  2 kobolds
  A rat (D:3)
14 creatures vanquished.

Vanquished Creatures (collateral kills)
  Pikel (D:6)
  Prince Ribbit (D:6)
  Grinder (D:4)
  Sigmund (D:4)
  A steam dragon (D:6)
  3 black bears
  A centaur (D:8)
  A lemure (D:6)
  A bullfrog (D:7)
  A necrophage (D:6)
  4 scorpions
  A gnoll sergeant (D:7)
  Dowan (D:5)
  3 howler monkeys
  A jelly (D:5)
  3 orc priests (D:6)
  6 iguanas
  7 orc wizards
  8 gnolls
  5 adders
  A shadow imp (D:6)
  A white imp (D:5)
  2 ufetubi
  3 worms
  A dart slug (D:2)
  16 orcs
  6 ball pythons
  5 endoplasms
  4 giant cockroaches
  10 goblins
  10 hobgoblins
  4 quokkas
  5 bats
  A frilled lizard (D:3)
  5 kobolds
  2 rats
127 creatures vanquished.

Vanquished Creatures (others)
  Maggie (D:6)
  Edmund (D:5)
  Duvessa (D:5)
  An ice beast (D:6)
  A centaur (D:5)
  A lemure (D:6)
  A gnoll sergeant (D:8)
  A wight (D:8)
  A gnoll bouda (D:4)
  3 gnolls (D:8)
  2 orcs (D:5)
  5 plants (D:7)
19 creatures vanquished.

Grand Total: 160 creatures vanquished

Notes
Turn   | Place    | Note
-------+----------+-------------------------------------------
     0 | D:1      | 112233 the Felid Summoner began the quest for the Orb.
     0 | D:1      | Reached XP level 1. HP: 7/7 MP: 4/4
   285 | D:1      | Reached XP level 2. HP: 11/11 MP: 3/6
   288 | D:1      | Learned a level 2 spell: Call Imp
  1310 | D:1      | Reached XP level 3. HP: 14/14 MP: 4/7
  1314 | D:1      | Learned a level 3 spell: Call Canine Familiar
  2187 | D:2      | Found Watwyff's Antique Armour Boutique.
  2333 | D:2      | Reached skill level 1 in Fighting
  2788 | D:2      | You fall into a shaft and drop 1 floor!
  2800 | D:3      | Reached skill level 5 in Summonings
  2956 | D:3      | Reached XP level 4. HP: 19/19 MP: 2/8
  3542 | D:3      | Found a glowing drain.
  4069 | D:2      | Found a faded altar of an unknown god.
  4585 | D:4      | Reached XP level 5. HP: 14/22 MP: 2/9
  4703 | D:4      | Noticed a black bear
  4716 | D:4      | Killed a black bear
  4733 | D:4      | Reached skill level 6 in Summonings
  4733 | D:4      | Gained mutation: You are covered in thick fur. (AC +2)
                  | [Felid growth]
  4733 | D:4      | Reached XP level 6. HP: 9/27 MP: 0/11
  5197 | D:4      | Found a basalt altar of Yredelemnul.
  5406 | D:4      | Noticed Sigmund
  5464 | D:4      | Killed Sigmund
  5632 | D:4      | Learned a level 2 spell: Blink
  5636 | D:4      | Learned a level 3 spell: Summon Guardian Golem
  6096 | D:4      | Reached XP level 7. HP: 31/31 MP: 4/13
  6259 | D:5      | Entered Level 5 of the Dungeon
  7222 | D:5      | Noticed Grinder
  7529 | D:4      | Gained mutation: You occasionally lose the ability to drink
                  | potions when taking damage. [potion of mutation]
  7536 | D:4      | Killed Grinder
  7537 | D:4      | Reached skill level 7 in Summonings
  8118 | D:5      | Noticed Duvessa
  8118 | D:5      | Noticed Dowan
  8469 | D:5      | Reached XP level 8. HP: 36/36 MP: 10/15
  8718 | D:5      | Noticed Edmund
  8737 | D:5      | Killed Edmund
  8860 | D:5      | Killed Duvessa
  8861 | D:5      | Reached skill level 5 in Dodging
  8861 | D:5      | Reached skill level 8 in Summonings
  9012 | D:5      | Killed Dowan
  9238 | D:5      | Found an opulent altar of Gozag.
  9269 | D:5      | Noticed grerr's ghost (amateur FoFi)
  9270 | D:5      | Found a runed translucent gate.
  9271 | D:5      | Found a runed translucent gate.
  9275 | D:5      | Found a runed translucent gate.
  9276 | D:5      | Identified the +0 leather armour of Ru's Righteous Anger
                  | {Dex+4}
  9320 | D:5      | Became a worshipper of Gozag Ym Sagoz the Greedy
  9451 | D:6      | Killed from afar by a steam dragon
  9452 | D:6      | Reached XP level 7. HP: -5/33 MP: 4/15
  9453 | D:6      | Noticed Maggie
  9468 | D:6      | Killed Maggie
  9469 | D:6      | Reached skill level 5 in Fighting
  9469 | D:6      | Reached skill level 5 in Spellcasting
  9469 | D:6      | Reached XP level 8. HP: 37/37 MP: 8/16
  9623 | D:6      | Learned a level 4 spell: Summon Lightning Spire
  9637 | D:6      | Reached skill level 9 in Summonings
  9953 | D:6      | Noticed kalagan's ghost (novice DECj)
  9959 | D:6      | Found a runed translucent door.
 10255 | D:6      | Noticed Prince Ribbit
 10271 | D:6      | Killed Prince Ribbit
 10320 | D:6      | Reached XP level 9. HP: 41/41 MP: 12/18
 10380 | D:6      | Noticed Pikel
 10406 | D:6      | Killed Pikel
 10853 | D:7      | Reached skill level 10 in Summonings
 10885 | D:7      | Found a white marble altar of Elyvilon.
 10932 | D:7      | Mangled by a gnoll sergeant
 10933 | D:7      | Reached XP level 8. HP: -6/38 MP: 11/17
 11122 | D:8      | Noticed a cyan ugly thing
 11646 | D:7      | Killed from afar by an electric eel

Illustrated notes

Levels and vault maps discovered:
D:1:      dpeg_arrival_chambers_temple_mockup, layout_basic, nrook_uturn
D:2:      layout_basic, hellmonk_ecumenical_altar_leap_of_faith, serial_shops,
          nicolae_shop_overgrown_old_shop
D:3:      layout_rooms, cheibrodos_sewer_entry_drain, chequers_jeans,
          uniq_crazy_yiuf_cottage
D:4:      layout_loops_corners, mainiacjoe_overflow_paths, uniq_sigmund
D:5:      layout_cave_pools, nicolae_gozag_cash_rules_everything_around_me,
          biasface_ghost_orc_armoury, uniq_edmund, uniq_grinder, uniq_duvessa
D:6:      layout_loops_ring, hellmonk_ghost_happy_afterlife,
          uniq_prince_ribbit1, uniq_pikel, uniq_maggie
D:7:      layout_layer_cave, mainiacjoe_overflow_24_doors,
          mainiacjoe_overflow_alcove_2, temple_statues, serial_bayou_lake_a
D:8:      layout_basic, minmay_diamond_spiral

Skill      XL: |  1  2  3  4  5  6  7  8  9 |
---------------+----------------------------+-----
Stealth        | 3 |  3.0
Dodging        | 3 6 5 7 |  7.8
Fighting       | 1 2 3 5 6 |  6.4
Summonings     | 5 6 7 9 10 | 10.3
Spellcasting   | 3 5 6 |  6.1

Action                   |  1- 3 |  4- 6 |  7- 9 || total
-------------------------+-------+-------+-------++-------
Melee: Unarmed           |    40 |    26 |    66 ||   132
       Bite              |     4 |     4 |    13 ||    21
       Punch             |     1 |     1 |       ||     2
 Cast: Summon Small Mamm |    30 |    16 |    16 ||    62
       Call Imp          |    32 |    30 |    34 ||    96
       Call Canine Famil |     7 |    19 |    45 ||    71
       Summon Guardian G |       |       |    31 ||    31
       Blink             |       |       |     3 ||     3
       Summon Lightning  |       |       |     1 ||     1
Evoke: Wand              |       |       |     2 ||     2
  Use: Potion            |       |     7 |     6 ||    13
       Scroll            |       |       |     6 ||     6
 Stab: Distracted        |     1 |     2 |     1 ||     4
       Sleeping          |       |     1 |       ||     1
Armor: Skin              |     5 |     1 |     8 ||    14
Dodge: Dodged            |    59 |    40 |   137 ||   236
